 Dungeon Sprint DCSS version 0.32-a0-42-ga30500b4d3 (webtiles) character file.

Game seed: 664045670864743493

1366 rocky1 the Trooper (level 8, -8/74 HPs)
             Began as a Minotaur Alchemist on Jan 29, 2024.
             Was the Champion of Cheibriados.
             Mangled by a death yak (20 damage)
             ... in the Dungeon (Sprint VII: "The Pits").
             The game lasted 00:04:32 (2003 turns).

rocky1 the Trooper (Minotaur Alchemist)             Turns: 2003, Time: 00:04:34

Health: -8/74      AC: 11    Str: 28    XL:     8   Next: 38%
Magic:  5/13       EV: 17    Int: 29    God:    Cheibriados [******]
Gold:   0          SH:  0    Dex: 26    Spells: 11/16 levels left

rFire   . . .        l - +2 quarterstaff
rCold   . . .        (shield currently unavailable)
rNeg    . . .        m - +3 ring mail
rPois   .            (helmet restricted)
rElec   .            t - +0 cloak
rCorr   .            (no gloves)
SInv    .            (no boots)
Will    .....        (no amulet)
Stlth   +++          (no ring)
HPRegen 0.32/turn    (no ring)
MPRegen 0.13/turn

%: no teleportation
@: very slow
A: horns 2, retaliatory headbutt
a: Renounce Religion, Bend Time, Temporal Distortion, Slouch, Step From Time


You were in the Dungeon.
You worshipped Cheibriados.
Cheibriados was exalted by your worship.
You visited 1 branch

Inventory:

Hand Weapons
 l - a +2 quarterstaff (weapon)
 o - a +0 heavy trident
 u - a +2 scimitar of flaming
Armour
 a - a +0 robe
 m - a +3 ring mail (worn)
 t - a +0 cloak (worn)
Jewellery
 n - a +3 ring of protection
 p - a +3 ring of protection
Wands
 e - a wand of flame (14)
Scrolls
 g - a scroll of blinking
 i - 2 scrolls of vulnerability
 j - 5 scrolls of amnesia
 k - a scroll of summoning
Potions
 b - 5 potions of magic
 c - 7 potions of curing
 d - 7 potions of heal wounds
 f - a potion of berserk rage
 h - 2 potions of invisibility
 q - a potion of resistance
 r - 2 potions of brilliance
 s - a potion of mutation


   Skills:
 + Level 7.7 Fighting
 + Level 7.2 Staves
 + Level 7.3 Armour
 + Level 7.1 Dodging
 + Level 5.9 Stealth
 + Level 4.5 Spellcasting
 + Level 4.7 Conjurations
 + Level 5.2 Alchemy
 + Level 5.9 Invocations


You had 11 spell levels left.
You knew the following spells:

 Your Spells              Type           Power      Damage    Failure   Level
a - Sting                 Conj/Alch      100%       1d9       1%          1
b - Olgreb's Toxic Radia  Alch           37%        N/A       11%         4

Your spell library contained the following spells:

 Spells                   Type           Power      Damage    Failure   Level
 Mercury Vapours          Alch/Air       42%        N/A       4%          2
 Mephitic Cloud           Conj/Alch/Air  25%        N/A       7%          3
 Sticky Flame             Fire/Alch      21%        2d6       30%         4


Dungeon Overview and Level Annotations

Branches:
Dungeon (1/1)

Altars:
Ashenzari
Cheibriados
Dithmenos
Elyvilon
Fedhas
Gozag
Hepliaklqana
Kikubaaqudgha
Makhleb
Nemelex Xobeh
Okawaru
Qazlal
Ru
Sif Muna
Trog
Uskayaw
Vehumet
Wu Jian
Xom
Yredelemnul
Zin
The Shining One
Jiyva
Lugonu


Innate Abilities, Weirdness & Mutations

You have a pair of horns on your head.
You reflexively headbutt those who attack you in melee.


Message History

The death yak is poisoned. x2
The death yak bellows!
The death yak is poisoned. x2; The death yak looks even sicker.
Unknown command.
Activating: Slouch (13% risk of failure)
Press: ? - help, Dir - look around, f - activate You can feel time thicken for a moment.
The basilisk looks even sicker.
The death yak looks even sicker. x3
Your toxic aura wanes.
The death yak gores you!
Unknown command.
You barely miss the basilisk.
The basilisk is severely wounded.
Unknown command.
You hit the basilisk but do no damage. You headbutt the basilisk.
The basilisk is severely wounded.
The death yak closely misses you.
You sock the death yak!
The death yak is heavily wounded.
You sock the death yak! You headbutt the death yak.
The death yak is heavily wounded.
Unknown command.
You hit the death yak. Your headbutt misses the death yak.
The death yak is heavily wounded.
The death yak snorts and paws the ground.
The death yak gores you! x2; The death yak completely misses you.
You sock the death yak!
The death yak is almost dead.
The death yak closely misses you. You furiously retaliate!
You headbutt the death yak, but do no damage.
The death yak gores you! The death yak gores you.
You are too injured to fight recklessly!
Unknown command.
The death yak attacks as it pursues you!
The death yak gores you but does no damage.
The death yak attacks as it pursues you!
The death yak gores you!
* * * LOW HITPOINT WARNING * * *
The death yak gores you!!
You die...

_____.# _____.#
___...###########++######
#####'##................#
')))'.##......#..#......#
#####.##................+
.......'................+
##'#####......#..#......#
#..#..##........@Y......#
'..#).#####'#####Y'######
####.)##.......##YY#
#..#))##.......##l...
#..#.[##.......##......
#..#'###...<...##.....##
......##.......##...###
......##.......##..##
########.......##++#


You could see 4 death yaks and a basilisk (poisoned).

Vanquished Creatures
  An elephant (D)
  Grinder (D)
  A wraith (D)
  A warg (D)
  A sky beast (D)
  A centaur (D)
  A weeping skull (D)
  A brain worm (D)
  A necrophage (D)
  2 scorpions (D)
  A jelly (D)
  An iron imp (D)
  An iguana (D)
  A hell rat (D)
  A gnoll (D)
  An adder zombie (D)
  A ball python (D)
  2 bat skeletons (D)
  A bat zombie (D)
  An endoplasm (D)
  A giant cockroach (D)
  4 jackals (D)
  A goblin (D)
28 creatures vanquished.

Notes
Turn   | Place    | Note
-------+----------+-------------------------------------------
     0 | D        | rocky1 the Minotaur Alchemist began the quest for the Orb.
     0 | D        | Reached XP level 1. HP: 14/14 MP: 1/1
    20 | D        | Reached skill level 1 in Fighting
    20 | D        | Reached skill level 1 in Armour
    21 | D        | Reached skill level 1 in Conjurations
    29 | D        | Found a bloodstained altar of Trog.
    29 | D        | Found a shimmering blue altar of Sif Muna.
    29 | D        | Found a viscous altar of Jiyva.
    29 | D        | Found a hazy altar of Hepliaklqana.
    29 | D        | Found an opulent altar of Gozag.
    30 | D        | Found a glowing golden altar of the Shining One.
    30 | D        | Found a glowing silver altar of Zin.
    30 | D        | Found a basalt altar of Yredelemnul.
    30 | D        | Found a shimmering altar of Xom.
    30 | D        | Found an ornate altar of the Wu Jian Council.
    30 | D        | Found a sacrificial altar of Ru.
    30 | D        | Found a stormy altar of Qazlal.
    30 | D        | Found an iron altar of Okawaru.
    30 | D        | Found a sparkling altar of Nemelex Xobeh.
    30 | D        | Found a burning altar of Makhleb.
    30 | D        | Found a blossoming altar of Fedhas.
    30 | D        | Found a white marble altar of Elyvilon.
    30 | D        | Found a shadowy altar of Dithmenos.
    30 | D        | Found a snail-covered altar of Cheibriados.
    33 | D        | Found a corrupted altar of Lugonu.
    33 | D        | Found a radiant altar of Vehumet.
    34 | D        | Found an ancient bone altar of Kikubaaqudgha.
    34 | D        | Found a hide-covered altar of Uskayaw.
    34 | D        | Found a broken altar of Ashenzari.
    41 | D        | Became a worshipper of Cheibriados the Contemplative
    84 | D        | Noticed a scorpion
    89 | D        | Killed a scorpion
    90 | D        | Reached skill level 1 in Invocations
    90 | D        | Reached XP level 2. HP: 26/26 MP: 0/4
    90 | D        | Reached XP level 3. HP: 31/31 MP: 0/5
    90 | D        | Reached * piety under Cheibriados
    91 | D        | Reached XP level 4. HP: 38/38 MP: 0/6
   246 | D        | Noticed a scorpion
   249 | D        | Killed a scorpion
   252 | D        | Reached ** piety under Cheibriados
   308 | D        | Reached *** piety under Cheibriados
   309 | D        | Noticed a weeping skull
   313 | D        | Reached XP level 5. HP: 46/46 MP: 7/7
   317 | D        | Reached **** piety under Cheibriados
   486 | D        | Noticed a sky beast
   505 | D        | Killed a sky beast
   506 | D        | Reached skill level 5 in Fighting
   506 | D        | Reached skill level 5 in Dodging
   506 | D        | Reached XP level 6. HP: 30/56 MP: 9/9
   704 | D        | Reached skill level 5 in Staves
   704 | D        | Reached skill level 5 in Armour
   706 | D        | Reached ***** piety under Cheibriados
   722 | D        | Noticed a warg
   730 | D        | Killed a warg
   731 | D        | Reached XP level 7. HP: 16/63 MP: 11/11
  1198 | D        | Reached skill level 5 in Stealth
  1324 | D        | Noticed a wraith
  1331 | D        | Killed a wraith
  1332 | D        | Reached skill level 5 in Invocations
  1333 | D        | Noticed Grinder
  1346 | D        | Paralysed by Grinder for 5 turns
  1353 | D        | Killed Grinder
  1357 | D        | Reached ****** piety under Cheibriados
  1358 | D        | Reached skill level 5 in Alchemy
  1358 | D        | Reached XP level 8. HP: 29/73 MP: 13/13
  1807 | D        | Learned a level 4 spell: Olgreb's Toxic Radiance
  1807 | D        | Noticed an elephant
  1822 | D        | Killed an elephant
  1993 | D        | Noticed a death yak
  1993 | D        | Noticed a death yak
  1993 | D        | Noticed a death yak
  1993 | D        | Noticed a death yak
  2003 | D        | Mangled by a death yak

Illustrated notes

Levels and vault maps discovered:
D:        pitsprint [storerooms_1, entrance_room_1, metal_vault_4, armoury_2,
          mini_pit_1, grid_room_1, main_hall_1, silver_pit, the_coven_1,
          the_vestibule_1, steel_vault_3, golden_pit, hallway_of_sentries,
          crystal_vault_5, iron_vault_4, final_vault]

Skill      XL: |  1  2  3  4  5  6  7  8 |
---------------+-------------------------+-----
Fighting       | 3 5 6 7 |  7.7
Armour         | 2 3 4 5 6 7 |  7.3
Conjurations   | 1 2 3 4 |  4.7
Stealth        | 2 3 4 5 |  5.9
Staves         | 2 3 4 5 6 7 |  7.2
Dodging        | 3 4 5 6 7 |  7.1
Spellcasting   | 2 3 4 |  4.5
Invocations    | 1 2 3 4 5 |  5.9
Alchemy        | 3 4 5 |  5.2

Action                     |  1- 3 |  4- 6 |  7- 9 || total
---------------------------+-------+-------+-------++-------
  Melee: Unarmed           |    10 |       |       ||    10
         Quarterstaff      |     4 |    43 |    46 ||    93
         Headbutt          |     3 |     9 |    18 ||    30
   Cast: Sting             |     1 |     2 |       ||     3
         Olgreb's Toxic Ra |       |       |     1 ||     1
 Invoke: Slouch            |       |       |     1 ||     1
    Use: Potion            |       |     1 |     2 ||     3
   Stab: Sleeping          |       |       |     1 ||     1
 Armour: Robe              |     6 |     4 |       ||    10
         Ring mail         |       |    37 |    47 ||    84
  Dodge: Dodged            |    15 |    29 |    29 ||    73

Table legend: (Time is in decaauts)
 A = Elapsed time spent in this place.
 B = Non-inter-level travel time spent in this place.
 C = Inter-level travel time spent in this place.
 D = Time resting spent in this place.
 E = Time spent auto-exploring this place.
 F = Levels seen in this place.
 G = Mean time per level.
                   A        B        C        D        E       F      G
               +--------+--------+--------+--------+--------+-----+--------+
         Total |   2209 |   2090 |    119 |   1588 |      0 |   1 | 2209.0 |
       Dungeon |   2209 |   2090 |    119 |   1588 |      0 |   1 | 2209.0 |
               +--------+--------+--------+--------+--------+-----+--------+

Top non-repeatable levels by time:
       D: 2209 daAuts
